 Dungeon Sprint DCSS version 0.19.1 (webtiles) character file.

13444 equalderp2856 the Eviscerator (level 11, -3/54 HPs)
             Began as a Felid Fighter on Nov 28, 2016.
             Was the Champion of Nemelex Xobeh.
             Killed from afar by Nikola (34 damage)
             ... with a chain lightning
             ... in the Dungeon (Sprint IX: "|||||||||||||||||||||||||||||").
             The game lasted 00:25:43 (8113 turns).

equalderp2856 the Eviscerator (Felid Fighter)       Turns: 8113, Time: 00:25:46

Health: -3/54      AC:  3    Str: 20    XL:     11   Next: 75%
Magic:  19/19      EV: 34    Int: 11    God:    Nemelex Xobeh [******]
Gold:   1709       SH:  4    Dex: 20    Spells: 0 memorised, 10 levels left
                                        Lives:  0   Deaths: 3

rFire  . . .     SeeInvis +       - Unarmed
rCold  + . .     Gourm    .     (armour unavailable)
rNeg   . . .     Faith    .     (shield unavailable)
rPois  .         Spirit   .     (helmet unavailable)
rElec  .         Reflect  +     (cloak unavailable)
rCorr  .         Harm     .     (gloves unavailable)
MR     +....     NoTele   +     (boots unavailable)
Stlth  +++++++...               i - +4 amulet of reflection
                                L - +6 ring of strength
                                n - +3 ring of dexterity

@: quick
A: no armour, no weapons or thrown items, stealth, claws 1, fangs 3, see
invisible, carnivore 3, speed 1, shaggy fur 3, slow metabolism 1, sharp paws
a: Triple Draw, Deal Four, Stack Five, Renounce Religion


You were in the Dungeon.
You worshipped Nemelex Xobeh.
Nemelex Xobeh was exalted by your worship.
You were not hungry.

You visited 1 branch You collected 1929 gold pieces.
You spent 220 gold pieces at shops.

Inventory:

Jewellery
 i - a +4 amulet of reflection (around neck)
 n - a +3 ring of dexterity (left paw)
 o - a +3 ring of strength
 w - a +2 ring of slaying
 E - an uncursed ring of fire
 F - an uncursed ring of poison resistance
 K - a +6 ring of intelligence
 L - a +6 ring of strength (right paw)
Wands
 m - a wand of iceblast (7/15)
 G - a wand of heal wounds (4/9)
 J - a wand of disintegration (13/24)
Scrolls
 h - 5 scrolls of blinking
 k - 9 scrolls of remove curse
 l - 2 scrolls of amnesia
 q - a scroll of recharging
 t - 2 scrolls of fog
 u - a scroll of magic mapping
 A - 3 scrolls of identify
 B - a scroll of fear
Potions
 a - 2 potions of might
 c - 4 potions of curing
 d - 5 potions of heal wounds
 e - a potion of haste
 f - 4 potions of magic
 g - 3 potions of berserk rage
 j - a potion of invisibility
 r - 5 potions of agility
 z - a potion of cancellation {unknown}
 C - 2 potions of brilliance
 N - a potion of cure mutation
Miscellaneous
 p - a plain deck of summoning {drawn: 7}
 v - a plain deck of summoning
 x - a plain deck of summoning
 y - a legendary deck of escape {drawn: 4}
 D - a plain deck of destruction {drawn: 4}
 H - an ornate deck of destruction
 I - a plain deck of destruction
 M - a legendary deck of escape
 O - a legendary deck of summoning
 P - an ornate deck of destruction
Comestibles
 b - 12 meat rations
 s - a beef jerky


   Skills:
 + Level 10.1 Fighting
 + Level 17.4 Dodging
 + Level 17.3 Stealth
 + Level 26.6 Unarmed Combat
 + Level 9.7 Invocations


You had 10 spell levels left.
You didn't know any spells.

Dungeon Overview and Level Annotations

Branches:
Dungeon (1/1)

Altars:
Cheibriados
Dithmenos
Elyvilon
Fedhas
Gozag
Hepliaklqana
Kikubaaqudgha
Makhleb
Nemelex Xobeh
Okawaru
Qazlal
Ru
Sif Muna
Trog
Uskayaw
Vehumet
Xom
Yredelemnul
Zin
The Shining One
Beogh
Jiyva
Lugonu

Shops:
D [!?*

Annotations:
D Margery, Nikola


Innate Abilities, Weirdness & Mutations

You cannot wear armour.
You are incapable of wielding weapons or throwing items.
Your paws allow you to move quietly. (Stealth)
You have sharp claws.
You have razor-sharp teeth.
You have supernaturally acute eyesight. (SInv)
You are carnivorous and can eat meat at any time.
You cover ground quickly.
Your thick and shaggy fur keeps you warm. (AC +3, rC+)
You have a slow metabolism.
Your sharp claws are effective at attacking unaware monsters.


Message History

The fireball explodes!
The fireball engulfs you!
Ouch! That really hurt!
* * * LOW HITPOINT WARNING * * *
You hear a shout! x3
You swap places.
There is an open door here.
You close the door.
You start resting.
HP restored.
You open the door.
There is an open door here.
Nikola the Mad Inventor comes into view.
He is wielding a rapier of electrocution.
Nikola shouts!
Nikola gestures wildly while chanting.
You hear a mighty clap of thunder!
The lightning arc hits you!
The lightning arc hits Nikola.
The lightning arc hits you!
Ouch! That really hurt!
You die...
Your body glows with a rainbow of weird colours and disappears.

....)...)....)..()....[..........
▓▓▓▓▓▓▓▓▓▓▓▓▓▓▓▓▓▓▓▓▓▓♣♣♣♣♣♣♣♣♣♣▓
,+,,,S.N.N.SNN))S..N)N(....÷.).N†
*****▓▓▓▓▓▓▓▓▓▓▓▓▓▓▓▓▓♣♣♣♣♣♣♣♣♣♣▓
,,,,,,,,,,,,,,,,,,,,,,,,,,,,,,,,,
*********************************
,,,,,,,,,,+,,,,,,,,,,,,,,,,,,+,,,
****▓▓▓▓▓▓▓▓▓▓▓▓▓▓▓▓▓▓▓▓▓▓▓▓▓▓▓▓▓
,,,,ppp@....@...@................
▓▓▓▓▓▓▓▓▓▓▓▓▓▓▓▓▓▓▓▓▓▓▓▓▓▓▓▓▓▓▓▓▓
..........[[[}[[...))))))....=...
▓▓▓▓▓▓▓▓▓▓▓▓▓▓▓▓▓▓▓▓▓▓▓▓▓▓▓▓▓▓▓▓▓
,,,,,,,,,,,,,,,,,,,,,,,,,,,,,,,,,
*********************************
,,,,,,,,,,,+,,,,,,,,,,,,,+,,,,,,,
*********************************
,,,,,,,,,,,,,,,,,,,,,,,,,,,,,,,,,


You could see Nikola.

Vanquished Creatures
  Xtahua (D)
  A thorn hunter (D)
  Agnes (D)
  Kirke (D)
  A stone giant (D)
  7 ogre magi (D)
  A merfolk aquamancer (D)
  An alligator (D)
  4 death yaks (D)
  A deep troll earth mage (D)
  A naga sharpshooter (D)
  Sonja (D)
  A shock serpent (D)
  An orc high priest (D)
  An iron troll (D)
  2 unseen horrors (D)
  2 sea snakes (D)
  A deep troll (D)
  A naga ritualist (D)
  5 hill giants (D)
  An ugly thing (D)
  2 orc knights (D)
  2 manticores (D)
  2 deep elf magi (D)
  2 orc sorcerers (D)
  A cyclops (D)
  An elephant (D)
  Maurice (D)
  A black mamba (D)
  7 spiny frogs (D)
  A yaktaur (D)
  A komodo dragon (D)
  2 trolls (D)
  A tyrant leech (D)
  A merfolk (D)
  3 snapping turtles (D)
  3 hippogriffs (D)
  3 yaks (D)
  3 wyverns (D)
  3 hogs (D)
  A vampire mosquito (D)
  A soldier ant (shapeshifter) (D)
  A naga (D)
  3 water moccasins (D)
  3 porcupines (D)
  2 swamp drakes (D)
  6 orc warriors (D)
  An eye of draining (D)
  A centaur (D)
  2 crocodiles (D)
  A crimson imp (D)
  A hound (D)
  2 orc priests (D)
  3 orc wizards (D)
  2 worker ants (D)
  An adder skeleton (D)
  An adder zombie (D)
  10 orcs (D)
  3 hobgoblins (D)
  A quokka (D)
  A goblin (D)
  A rat (D)
124 creatures vanquished.

Vanquished Creatures (collateral kills)
  A fire giant (D)
  An ice dragon (D)
2 creatures vanquished.

Vanquished Creatures (others)
  An ogre mage (D)
  A spiny frog (D)
  A vampire mosquito (D)
  A yak (D)
  An orc warrior (D)
  A ball lightning (D)
6 creatures vanquished.

Grand Total: 132 creatures vanquished

Notes
Turn   | Place    | Note
-------+----------+-------------------------------------------
     0 | D        | equalderp2856 the Felid Fighter began the quest for the Orb.
     0 | D        | Reached XP level 1. HP: 10/10 MP: 2/2
    20 | D        | Noticed a worker ant
    20 | D        | Noticed a hound
    25 | D        | Killed a hound
    25 | D        | Reached skill level 5 in Dodging
    25 | D        | Reached skill level 6 in Unarmed Combat
    25 | D        | Reached XP level 2. HP: 12/15 MP: 3/3
    25 | D        | Reached XP level 3. HP: 15/18 MP: 4/4
    51 | D        | Reached skill level 7 in Unarmed Combat
   222 | D        | Found a roughly hewn altar of Beogh.
   222 | D        | Found a snail-covered altar of Cheibriados.
   222 | D        | Found a shadowy altar of Dithmenos.
   222 | D        | Found a white marble altar of Elyvilon.
   222 | D        | Found a blossoming altar of Fedhas.
   222 | D        | Found an opulent altar of Gozag.
   223 | D        | Found a hazy altar of Hepliaklqana.
   224 | D        | Found a viscous altar of Jiyva.
   225 | D        | Found an ancient bone altar of Kikubaaqudgha.
   226 | D        | Found a corrupted altar of Lugonu.
   227 | D        | Found a burning altar of Makhleb.
   228 | D        | Found a sparkling altar of Nemelex Xobeh.
   229 | D        | Found an iron altar of Okawaru.
   230 | D        | Found a stormy altar of Qazlal.
   231 | D        | Found a sacrificial altar of Ru.
   232 | D        | Found a deep blue altar of Sif Muna.
   233 | D        | Found a bloodstained altar of Trog.
   234 | D        | Found a hide-covered altar of Uskayaw.
   235 | D        | Found a radiant altar of Vehumet.
   236 | D        | Became a worshipper of Nemelex Xobeh the Trickster
   237 | D        | Found a shimmering altar of Xom.
   238 | D        | Found a basalt altar of Yredelemnul.
   239 | D        | Found a glowing silver altar of Zin.
   240 | D        | Found a glowing golden altar of the Shining One.
   240 | D        | Received a gift from Nemelex Xobeh
   270 | D        | Noticed an eye of draining
   270 | D        | Noticed a crocodile
   270 | D        | Noticed a centaur
   270 | D        | Noticed a hill giant
   270 | D        | Noticed a wyvern
   273 | D        | Reached XP level 4. HP: 22/22 MP: 5/5
   342 | D        | Killed a hill giant
   342 | D        | Reached skill level 5 in Fighting
   342 | D        | Reached skill level 11 in Unarmed Combat
   342 | D        | Reached XP level 5. HP: 10/27 MP: 6/6
   342 | D        | Gained mutation: You are covered in thick fur. (AC +2) [Felid growth]
   342 | D        | Reached XP level 6. HP: 12/31 MP: 7/7
   354 | D        | Killed a wyvern
   354 | D        | Reached skill level 12 in Unarmed Combat
   368 | D        | Reached XP level 7. HP: 11/35 MP: 8/8
   707 | D        | Reached skill level 5 in Stealth
   707 | D        | Reached skill level 13 in Unarmed Combat
   768 | D        | Noticed a hippogriff
   768 | D        | Noticed a hippogriff
   768 | D        | Noticed a cyclops
   768 | D        | Noticed an unseen horror
   768 | D        | Noticed a deep elf mage
   773 | D        | Killed a deep elf mage
   773 | D        | Reached skill level 10 in Dodging
   773 | D        | Reached skill level 14 in Unarmed Combat
   773 | D        | Reached XP level 8. HP: 37/40 MP: 9/9
   777 | D        | Killed an unseen horror
   777 | D        | Reached skill level 15 in Unarmed Combat
   798 | D        | Killed a cyclops
   802 | D        | Killed a hippogriff
   806 | D        | Killed a hippogriff
   806 | D        | Reached skill level 16 in Unarmed Combat
   806 | D        | Reached XP level 9. HP: 28/44 MP: 10/10
   924 | D        | Reached * piety under Nemelex Xobeh
   931 | D        | Received a gift from Nemelex Xobeh
   981 | D        | Received a gift from Nemelex Xobeh
  1011 | D        | Reached ** piety under Nemelex Xobeh
  1038 | D        | Noticed a spiny frog
  1038 | D        | Noticed a spiny frog
  1302 | D        | Killed a spiny frog
  1351 | D        | Reached skill level 17 in Unarmed Combat
  1363 | D        | Killed a spiny frog
  1550 | D        | Noticed a black mamba
  1563 | D        | Killed a black mamba
  1563 | D        | Reached skill level 18 in Unarmed Combat
  1812 | D        | Noticed a spiny frog
  1812 | D        | Noticed a spiny frog
  1812 | D        | Noticed a spiny frog
  1813 | D        | Noticed a komodo dragon
  1814 | D        | Killed a spiny frog
  1814 | D        | Reached XP level 10. HP: 48/48 MP: 11/11
  1821 | D        | Killed a spiny frog
  1821 | D        | Reached skill level 10 in Stealth
  1822 | D        | Noticed an elephant
  1851 | D        | Killed a spiny frog
  1923 | D        | Reached skill level 1 in Invocations
  2308 | D        | Killed an elephant
  2308 | D        | Reached skill level 19 in Unarmed Combat
  2541 | D        | Noticed a death yak
  2541 | D        | Noticed a death yak
  2541 | D        | Noticed a death yak
  2541 | D        | Noticed a death yak
  2543 | D        | Killed a death yak
  2793 | D        | Killed a death yak
  2879 | D        | Reached skill level 20 in Unarmed Combat
  2886 | D        | Killed a death yak
  2886 | D        | Reached XP level 11. HP: 46/52 MP: 11/13
  2895 | D        | Killed a death yak
  2993 | D        | Received a gift from Nemelex Xobeh
  3023 | D        | Reached *** piety under Nemelex Xobeh
  3041 | D        | Received a gift from Nemelex Xobeh
  3127 | D        | Noticed an orc knight
  3127 | D        | Noticed an orc high priest
  3132 | D        | Killed an orc high priest
  3133 | D        | Noticed an orc sorcerer
  3151 | D        | Slain by an orc warrior
  3152 | D        | Reached XP level 10. HP: 0/49 MP: 13/13
  3152 | D        | Received a gift from Nemelex Xobeh
  3165 | D        | Reached **** piety under Nemelex Xobeh
  3170 | D        | Noticed Kirke
  3171 | D        | Noticed Agnes
  3175 | D        | Noticed a manticore
  3179 | D        | Reached skill level 21 in Unarmed Combat
  3185 | D        | Killed Kirke
  3195 | D        | Killed Agnes
  3195 | D        | Reached skill level 22 in Unarmed Combat
  3195 | D        | Reached XP level 11. HP: 25/53 MP: 13/15
  3402 | D        | Received a gift from Nemelex Xobeh
  3402 | D        | Noticed an ettin
  3402 | D        | Noticed a stone giant
  3402 | D        | Noticed an ogre mage
  3402 | D        | Noticed a fire giant
  3402 | D        | Noticed a deep troll earth mage
  3405 | D        | Noticed a purple ugly thing
  3419 | D        | Killed a stone giant
  3601 | D        | Killed a fire giant
  3601 | D        | Reached skill level 5 in Invocations
  3642 | D        | Killed an ogre mage
  3684 | D        | Noticed an ice dragon
  3684 | D        | an ettin changed into an ice dragon
  3712 | D        | Killed an ice dragon
  3736 | D        | Reached ***** piety under Nemelex Xobeh
  3923 | D        | Killed a deep troll earth mage
  3959 | D        | Killed a purple ugly thing
  3973 | D        | Reached skill level 23 in Unarmed Combat
  4007 | D        | Noticed a hill giant
  4035 | D        | Killed a hill giant
  4035 | D        | Reached skill level 15 in Dodging
  4081 | D        | Noticed an ogre mage
  4082 | D        | Noticed an unseen horror
  4084 | D        | Noticed a deep elf mage
  4090 | D        | Killed an ogre mage
  4093 | D        | Killed an unseen horror
  4101 | D        | Killed a deep elf mage
  4182 | D        | Received a gift from Nemelex Xobeh
  4233 | D        | Noticed Maurice
  4244 | D        | Killed Maurice
  4247 | D        | Noticed Sonja
  4254 | D        | Killed Sonja
  4270 | D        | Received a gift from Nemelex Xobeh
  4313 | D        | Received a gift from Nemelex Xobeh
  4326 | D        | Found Inenwuecs's Antique Armour Shop.
  4326 | D        | Noticed an ogre mage
  4326 | D        | Noticed a hill giant
  4326 | D        | Noticed an ogre mage
  4326 | D        | Noticed an ogre mage
  4326 | D        | Noticed a deep troll
  4331 | D        | Killed an ogre mage
  4331 | D        | Gained mutation: Your thick and shaggy fur keeps you warm. (AC +3, rC+) [Felid growth]
  4331 | D        | Reached XP level 12. HP: 49/57 MP: 18/18
  4332 | D        | Found Ninia's Distillery.
  4339 | D        | Killed an ogre mage
  4341 | D        | Killed an ogre mage
  4341 | D        | Reached skill level 24 in Unarmed Combat
  4751 | D        | Found Hijetiepn's Magic Scroll Shop.
  4755 | D        | Found Kiupeeleu's Assorted Antiques.
  4757 | D        | Noticed an ogre mage
  4758 | D        | Noticed an ogre mage
  4759 | D        | Noticed an ogre mage
  5081 | D        | Killed an ogre mage
  5131 | D        | Killed an ogre mage
  5159 | D        | Killed an ogre mage
  5210 | D        | Reached skill level 15 in Stealth
  5430 | D        | Reached skill level 25 in Unarmed Combat
  6279 | D        | Bought a scroll of magic mapping for 73 gold pieces
  6318 | D        | Bought a crooked copper wand for 84 gold pieces
  6318 | D        | Bought a scroll labeled MUOZXOA DYENYI for 21 gold pieces
  6318 | D        | Bought a scroll of identify for 42 gold pieces
  6563 | D        | Noticed a thorn hunter
  6564 | D        | Noticed an alligator
  6573 | D        | Killed a thorn hunter
  6757 | D        | Killed an alligator
  6757 | D        | Reached XP level 13. HP: 61/61 MP: 20/20
  6775 | D        | Reached skill level 10 in Fighting
  7166 | D        | Reached skill level 26 in Unarmed Combat
  7172 | D        | Noticed a nagaraja
  7204 | D        | Killed from afar by a nagaraja
  7205 | D        | Reached XP level 12. HP: -7/58 MP: 19/19
  7603 | D        | Killed from afar by a nagaraja
  7604 | D        | Reached XP level 11. HP: -3/54 MP: 18/18
  7604 | D        | Received a gift from Nemelex Xobeh
  7642 | D        | Received a gift from Nemelex Xobeh
  7723 | D        | Received a gift from Nemelex Xobeh
  7745 | D        | Reached ****** piety under Nemelex Xobeh
  7750 | D        | Noticed Xtahua
  7753 | D        | Received a gift from Nemelex Xobeh
  7757 | D        | Killed Xtahua
  7779 | D        | Noticed a hell knight
  7780 | D        | Noticed a hell knight
  7781 | D        | Noticed a hell knight
  7782 | D        | Noticed Margery
  7783 | D        | Noticed a hell knight
  8111 | D        | Noticed Nikola
  8113 | D        | Killed from afar by Nikola

Skill      XL: |  1  2  3  4  5  6  7  8  9 10 11 12 13 |
---------------+----------------------------------------+-----
Fighting       | 4 5 6 7 8 9 10 | 10.1
Dodging        | 5 8 9 10 11 12 14 15 16 17 | 17.4
Unarmed Combat | 6 7 11 12 14 16 18 22 23 25 26 | 26.6
Stealth        | 4 5 6 9 13 17 16 | 17.3
Invocations    | 4 7 8 9 |  9.7

Action                   |  1- 3 |  4- 6 |  7- 9 | 10-12 | 13-15 || total
-------------------------+-------+-------+-------+-------+-------++-------
Melee: Unarmed           |    33 |    10 |    76 |   284 |    48 ||   451
       Bite              |       |     2 |    12 |    36 |     4 ||    54
       Punch             |       |       |     6 |    48 |     6 ||    60
Evoke: Deck              |       |     1 |       |    35 |     6 ||    42
  Use: Potion            |       |     1 |     1 |     6 |     1 ||     9
       Scroll            |       |       |       |     3 |       ||     3
 Stab: Distracted        |     1 |       |     1 |     7 |     1 ||    10
       Sleeping          |       |       |     2 |     4 |     1 ||     7
  Eat: Chunk             |       |       |     3 |     4 |       ||     7
       Meat ration       |       |       |       |     1 |       ||     1
Armor: Skin              |     1 |       |     1 |     3 |       ||     5
Dodge: Dodged            |    21 |    12 |    56 |   152 |    32 ||   273
